 Dungeon Sprint DCSS version 0.32-a0-666-ge8a88695a4 (webtiles) character file.

Game seed: 689517345812963092

6 adelrune the Cudgeller (level 2, 0/24 HPs)
             Began as a Formicid Fighter on Mar 9, 2024.
             Slain by an ice beast (7 damage)
             ... in the Dungeon (Sprint IX: "|||||||||||||||||||||||||||||").
             The game lasted 00:00:16 (23 turns).

adelrune the Cudgeller (Formicid Fighter)             Turns: 23, Time: 00:00:16

Health: 0/24       AC:  6    Str: 20    XL:     2   Next: 0%
Magic:  2/2        EV:  9    Int:  7    God:
Gold:   0          SH:  5    Dex: 13    Spells: 1/1 levels left

rFire   . . .        a - +0 flail
rCold   . . .        c - +0 buckler
rNeg    . . .        b - +0 scale mail
rPois   .            (helmet unavailable)
rElec   .            (no cloak)
rCorr   .            (no gloves)
SInv    +            (no boots)
Will    .....        (no amulet) Stlth
                     (no ring)
HPRegen 0.24/turn    (no ring)
MPRegen 0.08/turn

%: no passive effects
@: no status effects
A: permanent stasis, dig shafts and tunnels, antennae 3, four strong arms
a: Dig


You were in the Dungeon.
You visited 1 branch

Inventory:

Hand Weapons
 a - a +0 flail (weapon)
Armour
 b - a +0 scale mail (worn)
 c - a +0 buckler (worn)
Potions
 d - a potion of might
 e - a potion of curing
 f - a potion of heal wounds
 g - 2 potions of magic


   Skills:
 - Level 3.2 Fighting
 + Level 4.1 Maces & Flails
 - Level 3.2 Armour
 - Level 4.0 Shields


You had one spell level left.
You didn't know any spells.
Your spell library was empty.

Dungeon Overview and Level Annotations

Branches:
Dungeon (1/1)

Altars:


Innate Abilities, Weirdness & Mutations

You cannot be hasted, slowed, berserked, paralysed or teleported.
You can dig through walls and to a lower floor.
You have a pair of large antennae on your head. (SInv)
Your four strong arms can wield two-handed weapons with a shield.


Message History

The ball python bites you but does no damage.
You block the ball python's attack.
Your Maces & Flails skill increases to level 3!
You sock the ball python!
You kill the ball python!
The goblin closely misses you.
You hit the goblin.
You kill the goblin!
You barely miss the kobold.
The kobold hits you with a +0 short sword.
You hit the kobold.
You kill the kobold!
Your Maces & Flails skill increases to level 4!
You have reached level 2!
There is an open door to the Dungeon, spattered with blood here.
Items here: ( ))) †††.
You open the door.
A scorpion, an orc, a quokka, a hound and an ice beast come into view.
The orc shouts!
You closely miss the ice beast.
The ice beast hits you but does no damage.
You hit the ice beast.
The ice beast is lightly wounded.
The ice beast completely misses you.
You closely miss the ice beast.
The ice beast is lightly wounded.
You block the ice beast's attack.
You hit the ice beast.
The ice beast is lightly wounded.
The ice beast barely misses you.
The ice beast hits you but does no damage.
You hit the ice beast but do no damage.
The ice beast is lightly wounded.
The ice beast hits you. The ice beast freezes you!
You closely miss the ice beast.
The ice beast is lightly wounded.
The ice beast hits you.
* * * LOW HITPOINT WARNING * * *
The ice beast freezes you!
You die...

▓+▓
▓.▓
▓s▓
▓o▓
▓r▓
▓h▓
▓Y▓
▓@▓
▓.▓
▓.▓
▓.▓
▓.▓
▓)▓
▓.▓
▓.▓
▓.▓


You could see an ice beast, a scorpion, a hound, an orc and a quokka.

Vanquished Creatures
  2 ball pythons (D)
  2 goblins (D)
  A kobold (D)
5 creatures vanquished.

Notes
Turn   | Place    | Note
-------+----------+-------------------------------------------
     0 | D        | adelrune the Formicid Fighter began the quest for the Orb.
     0 | D        | Reached XP level 1. HP: 18/18 MP: 1/1
    11 | D        | Reached XP level 2. HP: 21/24 MP: 2/2
    17 | D        | Noticed a scorpion
    17 | D        | Noticed an ice beast
    23 | D        | Slain by an ice beast

Illustrated notes

Levels and vault maps discovered:
D:        linesprint [early_d, line_temple, items_1, d_10, items_2, lair_1,
          lair_end, items_3, orc_1, orc_end, items_4, d_15, swamp_1, shoals_1,
          snake_1, spider_1, d_20, vaults_1, items_5, swamp_end, shoals_end,
          snake_end, spider_end, vaults_end, d_27, items_6, zot_1, zot_end,
          crypt_end, forest_end, elf_end, slime_end, tomb_end, abyss_end,
          pan_hell_end]

Skill      XL: |  1 |
---------------+----+-----
Maces & Flails | 4 |  4.1
Fighting       | |  3.2
Armour         | |  3.2
Shields        | |  4.0

Action                     || total
---------------------------++-------
  Melee: Flail             ||    13
 Armour: Scale mail        ||     7
  Dodge: Dodged            ||     3
  Block: Buckler           ||     2

Table legend: (Time is in decaauts)
 A = Elapsed time spent in this place.
 B = Non-inter-level travel time spent in this place.
 C = Inter-level travel time spent in this place.
 D = Time resting spent in this place.
 E = Time spent auto-exploring this place.
 F = Levels seen in this place.
 G = Mean time per level.
                   A        B        C        D        E       F      G
               +--------+--------+--------+--------+--------+-----+--------+
         Total |     26 |     26 |      0 |      0 |      0 |   1 |   26.0 |
       Dungeon |     26 |     26 |      0 |      0 |      0 |   1 |   26.0 |
               +--------+--------+--------+--------+--------+-----+--------+

Top non-repeatable levels by time:
       D: 26 daAuts
